 Dungeon Sprint DCSS version 0.21.1-1-g345015f (webtiles) character file.

464 Lilu the Nimble (level 6, -16/68 HPs)
             Began as a Troll Monk on July 24, 2018.
             Was a Believer of Wu Jian.
             Demolished by Sonja
             ... wielding a +1 short sword of distortion
              (18 damage)
             ... in the Dungeon (Sprint I: "Red Sonja").
             The game lasted 00:06:38 (188 turns).

Lilu the Nimble (Troll Monk)                         Turns: 188, Time: 00:06:38

Health: -16/68     AC:  5    Str: 22    XL:     6   Next: 80%
Magic:  5/5        EV: 15    Int:  6    God:    Wu Jian [**....]
Gold:   310        SH:  0    Dex: 12    Spells: 5/5 levels left

rFire    . . .     SeeInvis .     - Unarmed
rCold    . . .     Gourm    +   (no shield)
rNeg     . . .     Faith    .   l - +0 robe
rPois    .         Spirit   .   (helmet restricted)
rElec    .         Reflect  .   (no cloak)
rCorr    .         Harm     .   (gloves unavailable)
MR       .....     NoTele   +   (boots unavailable)
Stlth    ++........             (no amulet)
HPRegen  0.61/turn              (no ring)
MPRegen  0.09/turn              (no ring)

@: lethally poisoned (-16 -> -23), slowed, very slow
A: large, unfitting armour, claws 3, fast metabolism 3, gourmand, regeneration
1, shaggy fur 1, tough skin 2
a: Wall Jump, Renounce Religion


You were in the Dungeon.
You worshipped Wu Jian.
Wu Jian was pleased with you.
You were not hungry.

You visited 1 branch You collected 310 gold pieces.

Inventory:

Armour
 l - a +0 robe (worn)
Wands
 a - a wand of paralysis (17)
Scrolls
 h - a scroll of blinking
Potions
 c - a potion of curing
 d - a potion of heal wounds
 e - a potion of haste
 f - 2 potions of magic
 g - a potion of berserk rage
 j - a potion of brilliance {unknown}
Comestibles
 b - 2 rations
 i - 5 chunks of flesh


   Skills:
 + Level 6.6 Fighting
 - Level 9.8 Dodging
 - Level 1.0 Stealth
 + Level 6.5 Unarmed Combat


You had 5 spell levels left.
You didn't know any spells.

Dungeon Overview and Level Annotations

Branches:
Dungeon (1/1)

Altars:
Cheibriados
Dithmenos
Elyvilon
Fedhas
Gozag
Hepliaklqana
Kikubaaqudgha
Nemelex Xobeh
Okawaru
Qazlal
Ru
Sif Muna
Trog
Uskayaw
Vehumet
Wu Jian
Yredelemnul
Zin
The Shining One

Shops:
D *

Annotations:
D Sonja


Innate Abilities, Weirdness & Mutations

You are too large for most types of armour.
You have claws for hands.
Your metabolism is lightning-fast.
You like to eat raw meat.
Your natural rate of healing is unusually fast.
You are covered in fur. (AC +1)
You have very tough skin. (AC +2)


Message History

You feel as though you will be slow longer.
You feel sick.
Sonja unwields an uncursed blowgun.
Sonja wields an uncursed short sword of distortion.
Its appearance distorts for a moment.
Sonja hits you with an uncursed short sword of distortion.
Space warps horribly around you! Sonja hits you but does no damage.
Space warps horribly around you!
* * * LOW HITPOINT WARNING * * *
Sonja hits you with an uncursed short sword of distortion.
* * * LOW HITPOINT WARNING * * *
Space bends around you.
* * * LOW HITPOINT WARNING * * *
Sonja completely misses you. Sonja closely misses you. x2
There is an open door, spattered with blood here.
You scratch Sonja.
Sonja is lightly wounded.
* * * LOW HITPOINT WARNING * * *
You feel sick. Sonja hits you but does no damage.
Space warps horribly around you!
You die...

################
#<.#..'..#..'..#
#..'[.#..'..#).+
#..#####'#####'#
#..####..#...#.#
#..#__####..##.#
#..#_____##'#_.+
#⌠⌠#_.∩..(@((._#
####_..__##K(#+#
#_____###'#
####### #.# $.$
$.$# ##.## #+#


You could see Sonja.

Vanquished Creatures
  Sigmund (D)
  A yak (D)
  An ogre (D)
  A jelly (D)
  Ijyb (D)
5 creatures vanquished.

Notes
Turn   | Place    | Note
-------+----------+-------------------------------------------
     0 | D        | Lilu the Troll Monk began the quest for the Orb.
     0 | D        | Reached XP level 1. HP: 22/22 MP: 0/0
     1 | D        | Noticed Ijyb
    12 | D        | Killed Ijyb
    12 | D        | Reached XP level 2. HP: 26/29 MP: 1/1
    16 | D        | Noticed an ogre
    19 | D        | Killed an ogre
    19 | D        | Reached XP level 3. HP: 26/45 MP: 2/2
    19 | D        | Reached XP level 4. HP: 31/53 MP: 3/3
    58 | D        | Noticed Sigmund
    68 | D        | Killed Sigmund
    68 | D        | Reached skill level 7 in Dodging
    68 | D        | Reached XP level 5. HP: 57/61 MP: 4/4
    68 | D        | Reached XP level 6. HP: 64/68 MP: 5/5
   101 | D        | Found a deep blue altar of Sif Muna.
   102 | D        | Found an ornate altar of the Wu Jian Council.
   103 | D        | Found a radiant altar of Vehumet.
   109 | D        | Reached skill level 8 in Dodging
   141 | D        | Found Jixec's General Store.
   141 | D        | Found an ancient bone altar of Kikubaaqudgha.
   141 | D        | Found a hazy altar of Hepliaklqana.
   141 | D        | Found a hide-covered altar of Uskayaw.
   141 | D        | Found a basalt altar of Yredelemnul.
   141 | D        | Found an opulent altar of Gozag.
   141 | D        | Found a snail-covered altar of Cheibriados.
   141 | D        | Found a sacrificial altar of Ru.
   141 | D        | Found a shadowy altar of Dithmenos.
   141 | D        | Noticed a yak
   145 | D        | Killed a yak
   145 | D        | Reached skill level 9 in Dodging
   146 | D        | Found a stormy altar of Qazlal.
   146 | D        | Found a blossoming altar of Fedhas.
   146 | D        | Found a bloodstained altar of Trog.
   146 | D        | Found an iron altar of Okawaru.
   146 | D        | Found a glowing golden altar of the Shining One.
   146 | D        | Found a glowing silver altar of Zin.
   146 | D        | Found a white marble altar of Elyvilon.
   149 | D        | Found a sparkling altar of Nemelex Xobeh.
   178 | D        | Became a worshipper of the Wu Jian Council
   178 | D        | Reached * piety under Wu Jian
   178 | D        | Reached ** piety under Wu Jian
   181 | D        | Noticed Sonja
   187 | D        | HP: 3/68 [Sonja/uncursed short sword of distortion (4)]
   188 | D        | Demolished by Sonja

Skill      XL: |  1  2  3  4  5  6 |
---------------+-------------------+-----
Unarmed Combat | 6 |  6.5
Fighting       | 6 |  6.6
Dodging        | 7 9 |  9.8
Stealth        | |  1.0

Action                   |  1- 3 |  4- 6 || total
-------------------------+-------+-------++-------
Melee: Unarmed           |    12 |    15 ||    27
 Stab: Sleeping          |     1 |       ||     1
Armor: Robe              |       |     4 ||     4
Dodge: Dodged            |     7 |    10 ||    17
